AoeStats
← cpeevs

Black Forest

506618435Analyzed
1v1 RM · 16d ago on Sep 14, 2026· 42m 16s· 2 players
Game mode
Random Map
Map size
Tiny (2 player)
Population
200
Speed
Normal
Resources
Standard
Victory
Conquest
Starting age
Dark Age
Ending age
Imperial Age
RankedLock teamsTeams togetherTeam positionsShared explorationLock speedFull tech treeHidden civsTurbo modeCheats
Victory
Defeat
🇩🇪 Bohemians · Germany
579
+17
🇬🇧 Vietnamese · United Kingdom
594
-29
Chris
12:25 Feudal Age
16:08 Double-Bit Axe
19:31 Loom
22:05 Castle Age
20:15 Horse Collar
23:49 Wheelbarrow
25:39 Husbandry
25:02 Pikeman
25:54 Heavy Plow
27:36 Bow Saw
29:27 Town Watch
30:46 Squires
33:49 Chemistry
33:34 Ballistics
33:10 Murder Holes
33:29 Forging
33:20 Scale Mail Armor
37:17 Imperial Age
34:25 Light Cavalry
35:42 Fortified Wall
35:59 Hand Cart
37:20 Iron Casting
37:01 Chain Mail Armor
37:46 Halberdier
38:12 Arson
38:53 Conscription
40:09 Blast Furnace
39:40 Plate Mail Armor
39:44 Scale Barding Armor
40:01 Elite Hussite Wagon
cpeevs
12:32 Feudal Age
13:20 Double-Bit Axe
14:34 Horse Collar
16:31 Gold Mining
20:44 Wheelbarrow
23:04 Castle Age
23:20 Stone Mining
24:08 Hand Cart
25:35 Heavy Plow
28:13 Bow Saw
29:32 Fletching
29:43 Padded Archer Armor
33:31 Imperial Age
34:15 Town Watch
34:18 Loom
35:51 Town Patrol
38:28 Leather Archer Armor
38:09 Bodkin Arrow
38:44 Ballistics
39:32 Chemistry
38:53 Murder Holes
38:33 Onager
40:27 Crossbowman
40:29 Elite Skirmisher
Connection lost

Rejoining the realm…

Still unreachable

The connection could not be restored.

Session expired

The server has moved on; the page needs a fresh start.